 Dungeon Crawl Stone Soup version 0.28-a0-1236-gb25a51b929 (webtiles) character file.

Game seed: 4497787063735745228

3650 Syrorian the Fighter (level 9, -2/82 HPs)
             Began as a Minotaur Fighter on Dec 21, 2021.
             Was an Initiate of Nemelex Xobeh.
             Succumbed to an orc knight's poison
             ... on level 8 of the Dungeon on Dec 26, 2021.
             The game lasted 00:44:22 (9009 turns).

Syrorian the Fighter (Minotaur Fighter)             Turns: 9009, Time: 00:44:23

Health: -2/82      AC: 16    Str: 24    XL:     9   Next: 88%
Magic:  1/8        EV:  7    Int:  5    God:    Nemelex Xobeh [......]
Gold:   380        SH: 12    Dex: 11    Spells: 8/8 levels left

rFire   . . .      SeeInvis .   p - +11 flail of Typtud {holy, rElec}
rCold   . . .      Faith    .   c - +0 buckler
rNeg    . . .      Spirit   +   i - +1 plate armour
rPois   .          Reflect  .   (helmet restricted)
rElec   +          Harm     .   (no cloak)
rCorr   .          Rampage  .   j - +0 pair of gloves
Will    .....                   (no boots)
Stlth   ..........              q - brooch of Shielding {Spirit SH+8}
HPRegen 0.23/turn               (no ring)
MPRegen 0.11/turn               (no ring)

@: lethally poisoned (-2 -> -46)
A: horns 2, retaliatory headbutt
a: Renounce Religion, Draw Escape, Draw Destruction, Draw Summoning


You were on level 8 of the Dungeon.
You worshipped Nemelex Xobeh.
Nemelex Xobeh was noncommittal.
You visited 1 branch of the dungeon, and saw 8 of its levels.

You collected 380 gold pieces.

Inventory:

Hand Weapons
 p - the +11 flail of Typtud (weapon) {holy, rElec}
   (You found it on level 7 of the Dungeon)

   It has been blessed by the Shining One to cause great damage to the undead
   and demons.
   rElec:     It insulates you from electricity.
 u - a +1 vorpal hand crossbow
Missiles
 f - 200 stones
 m - 15 poisoned darts (quivered)
 v - 33 bolts
Armour
 c - a +0 buckler (worn)
 i - a +1 plate armour (worn)
 j - a +0 pair of gloves (worn)
Jewellery
 q - the brooch of Shielding (around neck) {Spirit SH+8}
   (You took it off a hobgoblin on level 4 of the Dungeon)

   [amulet of guardian spirit]

   It causes incoming damage to be divided between your reserves of health and
   magic.
   SH:        It affects your SH (+8).
Wands
 d - a wand of flame (8)
 g - a wand of paralysis (13)
 r - a wand of polymorph (8)
 C - a wand of mindburst (21)
Scrolls
 b - a scroll of holy word
 e - a scroll of magic mapping
 o - a scroll of fog
 t - 2 scrolls of teleportation
 w - a scroll of enchant weapon
 x - a scroll of vulnerability {unknown}
 y - a scroll of fear {unknown}
Potions
 a - a potion of magic {unknown}
 h - a potion of flight
 k - a potion of resistance
 l - a potion of berserk rage {unknown}
 n - a potion of haste {unknown}
 s - a potion of curing {unknown}
 z - 4 potions of heal wounds
 A - a potion of degeneration {unknown}
 B - a potion of cancellation {unknown}


   Skills:
 + Level 8.9 Fighting
 + Level 8.3(9.1) Axes
 * Level 5.3(7.5) Maces & Flails
 - Level 2.0(5.5) Polearms
 + Level 2.0 Crossbows
 - Level 5.9 Throwing
 + Level 8.8 Armour
 - Level 3.8 Shields


You had 8 spell levels left.
You didn't know any spells.
Your spell library contained the following spells:

 Spells                   Type           Power      Damage    Failure   Level
 Ignite Poison            Fire/Tmut/Pois 0%         N/A       100%        3
 Mephitic Cloud           Conj/Pois/Air  0%         N/A       100%        3
 Stone Arrow              Conj/Erth      0%         3d7       100%        3
 Animate Armour           Summ/Erth      0%         N/A       100%        4
 Olgreb's Toxic Radiance  Pois           0%         N/A       100%        4
 Freezing Cloud           Conj/Ice/Air   0%         6-21      100%        5
 Ozocubu's Refrigeration  Ice            0%         4d5       100%        7
 Ignition                 Fire           0%         3d3       100%        8
 Lehudib's Crystal Spear  Conj/Erth      0%         10d2      100%        8


Dungeon Overview and Level Annotations

Branches:
Dungeon (8/15)             Temple (0/1) D:5
   Lair: D:8-11

Altars:
Makhleb
Nemelex Xobeh
Okawaru
Trog
Yredelemnul

Shops:
D:5 =


Innate Abilities, Weirdness & Mutations

You have a pair of horns on your head.
You reflexively headbutt those who attack you in melee.


Message History

The warg is lightly wounded.
The warg bites you but does no damage.
The orc knight hits you with a +1 dire flail of venom!
You are poisoned.
The warg bites you but does no damage.
You barely miss the warg.
The warg is lightly wounded.
You feel very sick. You block the orc knight's attack. The warg bites you!
You closely miss the warg. You headbutt the warg!
The warg is moderately wounded.
You feel sick.
The orc warrior no longer looks unusually strong.
The orc knight hits you but does no damage.
You sock the stone giant!
The stone giant is lightly wounded.
You feel sick.
The orc warrior no longer looks unusually strong. x2
You block the orc knight's attack.
You completely miss the stone giant.
You headbutt the stone giant, but do no damage.
The stone giant is lightly wounded.
You feel sick.
The orc no longer looks unusually strong.
You block the stone giant's attack. You block the orc warrior's attack.
The orc knight hits you with a +1 dire flail of venom.
You are more poisoned.
The orc warrior barely misses you. You furiously retaliate!
You headbutt the orc warrior. The stone giant barely misses you.
You barely miss the stone giant.
You headbutt the stone giant, but do no damage.
The stone giant is lightly wounded.
You feel very sick. You block the orc warrior's attack.
The orc knight hits you with a +1 dire flail of venom!!
* * * LOW HITPOINT WARNING * * *
You are more poisoned.
You block the orc warrior's attack. The stone giant barely misses you.
You die...
Your body disappears without a glow.

.................#..............#
.................#..............#
..........÷).....#..............#
.................#..............#
##...###....####'##.##..##.##...#
#...###....####.##.##..##.##⌠.⌠#
#............o......#........_..
#...........ooo.....'.......⌠.⌠.
+..........ohC.@....#..........#
#....#############'##....###..##
###### ##....# #..## #.....#
..... #.....#..>... #.....'.....#
#.....#.....# #.....#.....#
########## #####'# #####


You could see a stone giant, an orc knight, a warg, 3 orc warriors and an orc.

Vanquished Creatures
  A troll (D:7)
  2 humans (D:7)
  A ynoxinul (D:8)
  A steam dragon (D:8)
  A water moccasin (D:8)
  4 orc warriors
  4 ice beasts
  A sky beast (D:6)
  2 necrophages
  An ogre (D:7)
  3 centaurs
  A phantom (D:4)
  2 scorpions
  A wyvern zombie (D:8)
  A wyvern skeleton (D:3)
  3 howler monkeys
  3 wights (D:6)
  A centaur zombie (D:7)
  A jelly (D:4)
  4 orc priests
  6 hounds
  A centaur skeleton (D:7)
  3 iguanas
  A gnoll shaman (D:5)
  2 orc wizards
  A hound skeleton (D:4)
  2 howler monkey zombies (D:7)
  11 gnolls
  A howler monkey skeleton (D:5)
  8 adders
  A shadow imp (D:7)
  A white imp (D:8)
  2 worms
  A dart slug (D:3)
  17 orcs
  6 endoplasms
  5 giant cockroaches
  13 goblins
  10 hobgoblins
  8 jackals
  2 kobolds
  4 quokkas
  3 ball pythons
  8 bats
  2 frilled lizards
  4 rats
161 creatures vanquished.

Vanquished Creatures (others)
  2 fungi (D:2)
  A plant (D:2)
3 creatures vanquished.

Grand Total: 164 creatures vanquished

Notes
Turn   | Place    | Note
-------+----------+-------------------------------------------
     0 | D:1      | Syrorian the Minotaur Fighter began the quest for the Orb.
     0 | D:1      | Reached XP level 1. HP: 19/19 MP: 0/0
   411 | D:1      | Reached XP level 2. HP: 22/27 MP: 1/1
  1328 | D:2      | Reached XP level 3. HP: 33/33 MP: 2/2
  1740 | D:2      | Reached XP level 4. HP: 22/41 MP: 3/3
  2213 | D:2      | Found a faded altar of an unknown god.
  2383 | D:3      | Reached skill level 1 in Throwing
  2630 | D:3      | Reached XP level 5. HP: 34/47 MP: 4/4
  3168 | D:4      | Reached skill level 5 in Fighting
  3168 | D:4      | Reached skill level 5 in Armour
  3338 | D:4      | Reached XP level 6. HP: 55/56 MP: 5/5
  4038 | D:5      | Entered Level 5 of the Dungeon
  4109 | D:5      | Reached XP level 7. HP: 33/62 MP: 4/6
  4119 | D:5      | Reached skill level 5 in Axes
  4129 | D:5      | Found a glowing drain.
  4639 | D:5      | Found a staircase to the Ecumenical Temple.
  4776 | D:5      | Reached XP level 8. HP: 71/71 MP: 7/7
  4824 | D:5      | Found Kidaheto's Jewellery Shop.
  6296 | D:6      | Noticed a two-headed ogre
  6654 | D:6      | Reached skill level 5 in Throwing
  6720 | D:7      | Reached skill level 1 in Polearms
  6773 | D:7      | Reached XP level 9. HP: 72/81 MP: 8/8
  6782 | D:7      | Identified the +11 flail of Typtud {holy, rElec}
  6863 | D:7      | Found a burning altar of Makhleb.
  6873 | D:7      | Found a basalt altar of Yredelemnul.
  6905 | D:7      | Reached skill level 1 in Maces & Flails
  7007 | D:7      | Found an iron altar of Okawaru.
  7063 | D:7      | Became a worshipper of Warmaster Okawaru
  7427 | D:8      | Noticed a troll
  7428 | D:8      | Found a bloodstained altar of Trog.
  7463 | D:7      | Killed a troll
  7783 | D:8      | Reached skill level 1 in Crossbows
  7959 | D:8      | Upgraded the game from 0.28-a0-1213-g0243856f03 to
                  | 0.28-a0-1236-gb25a51b929
  8108 | D:8      | Reached * piety under Okawaru
  8555 | D:8      | Found a sparkling altar of Nemelex Xobeh.
  8564 | D:8      | Fell from the grace of Okawaru
  8564 | D:8      | Became a worshipper of Nemelex Xobeh the Trickster
  8636 | D:8      | Reached skill level 5 in Maces & Flails
  8980 | D:8      | Noticed a stone giant
  8980 | D:8      | Noticed an orc knight
  9009 | D:8      | Succumbed to an orc knight's poison

Illustrated notes

Levels and vault maps discovered:
D:1:      wheals_arrival_linesprint, layout_loops_cross
D:2:      layout_basic, shapermc_ecumenical_altar_ellora, minivault_5,
          minmay_door_square
D:3:      layout_loops_cross
D:4:      layout_loops_cross, minmay_goblin_outpost
D:5:      layout_layer_cave, minmay_temple_entry_from_below_a,
          gup_sewer_entry_glass, serial_shops,
          nicolae_shop_competitors_out_of_business
D:6:      layout_gridville
D:7:      layout_rooms, yredelemnul_altar_generic, general_overflow_altar,
          okawaru_humans
D:8:      layout_gridville, nzn_overflow_gifts_of_might_and_magic,
          nemelex_xobeh_ov_fountains_minmay

Skill      XL: |  1  2  3  4  5  6  7  8  9 |
---------------+----------------------------+-----
Armour         | 4 5 6 7 8 |  8.8
Fighting       | 4 5 6 7 8 |  8.9
Axes           | 3 4 5 7 8 |  8.3
Throwing       | 1 2 3 4 5 |  5.9
Polearms       | 1 2 |  2.0
Maces & Flails | 5 |  5.3
Crossbows      | 2 |  2.0
Shields        | |  3.8

Action                   |  1- 3 |  4- 6 |  7- 9 || total
-------------------------+-------+-------+-------++-------
Melee: War axe           |    72 |   103 |   105 ||   280
       Headbutt          |    13 |    13 |    51 ||    77
       Trident           |       |       |    25 ||    25
       Flail             |       |       |    87 ||    87
 Fire: Hand crossbow     |       |       |     3 ||     3
Throw: Stone             |     5 |       |       ||     5
       Dart              |       |    30 |    13 ||    43
  Use: Scroll            |     2 |     4 |     4 ||    10
       Potion            |     2 |       |     3 ||     5
Armor: Ring mail         |     2 |       |       ||     2
       Scale mail        |     2 |       |       ||     2
       Plate armour      |    49 |    50 |   109 ||   208
Dodge: Dodged            |    25 |    33 |    71 ||   129
Block: Buckler           |    14 |    32 |   161 ||   207

Table legend: (Time is in decaauts)
 A = Elapsed time spent in this place.
 B = Non-inter-level travel time spent in this place.
 C = Inter-level travel time spent in this place.
 D = Time resting spent in this place.
 E = Time spent auto-exploring this place.
 F = Levels seen in this place.
 G = Mean time per level.
                   A        B        C        D        E       F      G
               +--------+--------+--------+--------+--------+-----+--------+
         Total |   9099 |   9099 |      0 |   1361 |   1699 |   8 | 1137.4 |
       Dungeon |   9099 |   9099 |      0 |   1361 |   1699 |   8 | 1137.4 |
               +--------+--------+--------+--------+--------+-----+--------+

Top non-repeatable levels by time:
     D:5: 1550 daAuts
     D:8: 1428 daAuts
     D:4: 1308 daAuts
     D:2: 1183 daAuts
     D:1: 1147 daAuts
     D:7: 927 daAuts
     D:6: 803 daAuts
     D:3: 751 daAuts
